 Dungeon Crawl Stone Soup version 0.28-a0-861-ge64d6db94f (webtiles) character file.

Game seed: 9832995306465771212

2721 lunkers the Thaumaturge (level 9, -12/70 HPs)
             Began as a Djinni Cinder Acolyte on Nov 9, 2021.
             Was a High Priest of Ignis.
             Mangled by Harold (14 damage)
             ... on level 7 of the Dungeon on Nov 15, 2021.
             The game lasted 00:20:55 (9438 turns).

lunkers the Thaumaturge (Djinni Cinder Acolyte)     Turns: 9438, Time: 00:20:56

Health: -12/70     AC: 11    Str: 19    XL:     9   Next: 98%
Gold:   324        EV:  5    Int: 19    God:    Ignis [*****.] SH:  0 Dex:  9

rFire   + + +      SeeInvis .   o - +3 dagger (venom)
rCold   x . .      Faith    .   (no shield)
rNeg    + . .      Spirit   .   y - +4 ring mail {rN+}
rPois   ∞          Reflect  .   e - +0 helmet
rElec   .          Harm     .   g - +0 cloak
rCorr   .          Rampage  .   (no gloves)
Will    .....                   (boots unavailable)
Stlth   ..........              (no amulet)
HPRegen 0.21/turn               h - +6 ring of strength
MPRegen 0.00/turn               (no ring)

@: weak-willed, freezing walls, flying, held
A: sickness immunity, fire resistance 2, cold vulnerability 1, float, innate
caster, hp casting, extra vitality 1
a: Renounce Religion, Sea of Fire, Foxfire Swarm, Rising Flame


You were on level 7 of the Dungeon.
You worshipped Ignis.
Ignis was extremely pleased with you.
You visited 1 branch of the dungeon, and saw 7 of its levels.
You also visited: Sewer.

You collected 324 gold pieces.

Inventory:

Hand Weapons
 a - a -1 short sword of flaming
 i - a +2 short sword of freezing
 o - a +3 dagger of venom (weapon)
Armour
 b - a +0 robe
 e - a +0 helmet (worn)
 g - a +0 cloak (worn)
 y - a +4 ring mail of positive energy (worn)
 A - a +3 leather armour of fire resistance
Magical Staves
 n - a staff of earth
Jewellery
 h - a +6 ring of strength (left hand)
Wands
 w - a wand of charming (1)
Scrolls
 f - a scroll of magic mapping
Potions
 c - a potion of brilliance {unknown}
 d - a potion of attraction {unknown}
 j - 4 potions of resistance
 k - 3 potions of heal wounds
 m - 4 potions of haste
 p - 5 potions of invisibility
 q - a potion of might {unknown}
 r - 3 potions of mutation
 s - a potion of cancellation {unknown}
 t - a potion of degeneration {unknown}
 u - 2 potions of flight {unknown}
 v - a potion of lignification {unknown}
 z - a potion of curing {unknown}


   Skills:
 + Level 8.0 Fighting
 - Level 2.6 Short Blades
 * Level 8.5 Spellcasting


You had 15 spell levels left.
You knew the following spells:

 Your Spells              Type           Power      Damage    Failure   Level
a - Corpse Rot            Necr/Air       80%        N/A       1%          2
b - Static Discharge      Conj/Air       40%        N/A       1%          2
c - Frozen Ramparts       Ice            80%        1d10      1%          3
o - Sting                 Tmut/Pois      100%       1d8       1%          1
p - Scorch                Fire           80%        2d9       1%          2
Your spell library was empty.

Dungeon Overview and Level Annotations

Branches:
Dungeon (7/15)             Temple (0/1) D:4           Sewer (visited)

Altars:
Vehumet

Shops:
D:7 *

Annotations:
D:7 Harold


Innate Abilities, Weirdness & Mutations

You are immune to sickness and miasma.
You are immune to poison.
Your flesh is very heat resistant. (rF++)
You are vulnerable to cold. (rC-)
You float through the air rather than walking.
You learn spells naturally, not from books.
Your magical power is your life essence.
You have superior vitality. (+4 HP)


Message History

Aim: Harold, wielding a +1 flail of protection, wearing a +0 chain mail and quivering 4 throwing nets (moderately wounded, more vulnerable to fire, chance to affect: 15%) Harold resists with almost no effort.
Harold is no longer more vulnerable to fire.
The necrophage resists.
The wall freezes the necrophage.
The ice beast completely resists.
The wall freezes the ice beast but does no damage.
The wall freezes Harold!
Harold hits you with a +1 flail of protection.
* * * LOW HITPOINT WARNING * * *
Aiming: Charm
Press: ? - help, Shift-Dir - straight line, f/p - Harold
Aim: Harold, wielding a +1 flail of protection, wearing a +0 chain mail and quivering 4 throwing nets (heavily wounded, chance to affect: 15%) Harold resists with almost no effort.
The ice beast completely resists.
The wall freezes the ice beast but does no damage.
The necrophage resists.
The wall freezes the necrophage.
The wall freezes Harold.
Harold hits you with a +1 flail of protection.
* * * LOW HITPOINT WARNING * * *
Aiming: Charm
Press: ? - help, Shift-Dir - straight line, f/p - Harold
Aim: Harold, wielding a +1 flail of protection, wearing a +0 chain mail and quivering 4 throwing nets (heavily wounded, chance to affect: 15%) Harold resists with almost no effort.
The ice beast completely resists.
The wall freezes the ice beast but does no damage.
The necrophage completely resists.
The wall freezes the necrophage but does no damage.
The necrophage hits you but does no damage.
The wall freezes Harold!
Harold hits you with a +1 flail of protection!
* * * LOW HITPOINT WARNING * * *
Unknown command.
As you read the scroll labelled QOCVOBLUNA, it crumbles to dust.
Magic quickly surges around you.
It was a scroll of vulnerability.
The ice beast completely resists.
The wall freezes the ice beast but does no damage.
The necrophage resists.
The wall freezes the necrophage.
The necrophage hits you.
* * * LOW HITPOINT WARNING * * *
The wall freezes Harold!
Harold hits you with a +1 flail of protection!
You die...

# .. ...#
...
#######.#...
#...........
##...##.##..
###@##.# .
#n@#.##....
##Y.)..n...
###..#..>.
[.# . ..#
..# ..# ..#


You could see Harold (weak-willed), an ice beast (weak-willed) and a necrophage
(weak-willed).

Vanquished Creatures
  Joseph (D:7)
  Prince Ribbit (D:5)
  A steam dragon (D:7)
  A water moccasin (D:6)
  A necrophage (D:6)
  3 ogres
  A phantom (D:6)
  2 kobold brigands (Sewer)
  A scorpion (D:5)
  2 bullfrogs
  A wyvern skeleton (D:3)
  5 wights
  2 centaur zombies
  A bullfrog zombie (D:5)
  5 orc priests
  4 hounds
  2 centaur skeletons
  4 iguanas
  4 orc wizards
  A killer bee zombie (D:5)
  A hound skeleton (D:4)
  A howler monkey zombie (D:5)
  A gnoll (D:5)
  10 adders
  7 river rats (Sewer)
  A shadow imp (D:6)
  A white imp (D:5)
  4 worms
  2 dart slugs
  30 orcs
  5 endoplasms
  7 giant cockroaches
  5 goblins
  8 hobgoblins
  A jackal (D:4)
  3 quokkas
  11 ball pythons
  5 bats
  3 frilled lizards
  24 kobolds
  23 rats
196 creatures vanquished.

Vanquished Creatures (others)
  A centaur skeleton (D:7)
  An orc wizard (D:5)
2 creatures vanquished.

Grand Total: 198 creatures vanquished

Notes
Turn   | Place    | Note
-------+----------+-------------------------------------------
     0 | D:1      | lunkers the Djinni Cinder Acolyte began the quest for the
                  | Orb.
     0 | D:1      | Reached XP level 1. HP: 20/20 MP: 0/0
   364 | D:1      | Reached XP level 2. HP: 23/25 MP: 0/0
   653 | D:1      | You are sucked into a shaft and drop 1 floor!
   658 | D:2      | Reached XP level 3. HP: 26/30 MP: 0/0
   658 | D:2      | Learned a level 1 spell: Sting
  1611 | D:2      | Reached XP level 4. HP: 33/35 MP: 0/0
  2350 | D:3      | Found a faded altar of an unknown god.
  2575 | D:3      | Reached XP level 5. HP: 11/41 MP: 0/0
  2575 | D:3      | Learned a level 2 spell: Corpse Rot
  2618 | D:3      | Found a glowing drain.
  2772 | Sewer    | Entered a sewer
  3079 | Sewer    | Noticed a kobold brigand
  3308 | Sewer    | Reached XP level 6. HP: 43/47 MP: 0/0
  3832 | Sewer    | Reached XP level 7. HP: 49/53 MP: 0/0
  3832 | Sewer    | Learned a level 2 spell: Static Discharge
  4473 | D:3      | Reached skill level 5 in Fighting
  4473 | D:3      | Reached skill level 5 in Spellcasting
  5430 | D:4      | Found a staircase to the Ecumenical Temple.
  5709 | D:4      | Reached XP level 8. HP: 36/60 MP: 0/0
  6271 | D:4      | Upgraded the game from 0.28-a0-823-gb444dcf96d to
                  | 0.28-a0-828-g0121872642
  6271 | D:4      | Upgraded the game from 0.28-a0-828-g0121872642 to
                  | 0.28-a0-834-g1a73be5ee4
  6276 | D:5      | Entered Level 5 of the Dungeon
  6306 | D:5      | Noticed Prince Ribbit
  6340 | D:5      | Killed Prince Ribbit
  7269 | D:5      | Reached XP level 9. HP: 37/67 MP: 0/0
  7269 | D:5      | Learned a level 3 spell: Frozen Ramparts
  8856 | D:7      | Found Dunafuwi's General Store.
  8879 | D:7      | Noticed Joseph
  8887 | D:7      | Upgraded the game from 0.28-a0-834-g1a73be5ee4 to
                  | 0.28-a0-861-ge64d6db94f
  8890 | D:7      | Killed Joseph
  9160 | D:7      | HP: 3/70 [wight (4)]
  9425 | D:7      | Noticed Harold
  9437 | D:7      | HP: 3/70 [Harold (9)]
  9438 | D:7      | Mangled by Harold

Illustrated notes

Levels and vault maps discovered:
D:1:      heliophobic_arrival_battle_scene, layout_basic
D:2:      layout_basic, minivault_4
D:3:      layout_rooms, old_standard_altar, portal_sewer_entry_d,
          hellmonk_ecumenical_altar_slurped_away
D:4:      cheibrodos_helix_gallery, layout_loops_corners, temple_pool_b,
          chequers_serial_rivers_micro_a
D:5:      layout_rooms, minivault_23, roderic_lattice_a,
          kennysheep_small_circle, uniq_prince_ribbit1
D:6:      layout_basic
D:7:      layout_rooms, serial_shops, nicolae_stop_n_shop_2, grunt_ministairs_3,
          uniq_joseph, uniq_harold

Skill      XL: |  1  2  3  4  5  6  7  8  9 |
---------------+----------------------------+-----
Spellcasting   | 3 4 5 7 8 |  8.5
Fighting       | 4 5 6 8 |  8.0
Short Blades   | |  2.6

Action                   |  1- 3 |  4- 6 |  7- 9 || total
-------------------------+-------+-------+-------++-------
Melee: Short sword       |    25 |       |       ||    25
       Dagger            |       |     3 |     4 ||     7
 Cast: Scorch            |    24 |   105 |   193 ||   322
       Frozen Ramparts   |       |       |     7 ||     7
Evoke: Wand              |       |       |     6 ||     6
  Use: Scroll            |       |     7 |     7 ||    14
Armor: Robe              |     5 |     3 |     9 ||    17
       Ring mail         |       |       |     7 ||     7
Dodge: Dodged            |    15 |    12 |    37 ||    64

Table legend: (Time is in decaauts)
 A = Elapsed time spent in this place.
 B = Non-inter-level travel time spent in this place.
 C = Inter-level travel time spent in this place.
 D = Time resting spent in this place.
 E = Time spent auto-exploring this place.
 F = Levels seen in this place.
 G = Mean time per level.
                   A        B        C        D        E       F      G
               +--------+--------+--------+--------+--------+-----+--------+
         Total |   9436 |   9285 |    151 |   1073 |   7083 |   8 | 1179.5 |
       Dungeon |   8105 |   7954 |    151 |   1011 |   6044 |   7 | 1157.9 |
         Sewer |   1331 |   1331 |      0 |     62 |   1039 |   1 | 1331.0 |
               +--------+--------+--------+--------+--------+-----+--------+

Top non-repeatable levels by time:
     D:5: 1529 daAuts
     D:4: 1387 daAuts
     D:1: 1376 daAuts
   Sewer: 1331 daAuts
     D:3: 1245 daAuts
     D:6: 1200 daAuts
     D:2: 935 daAuts
     D:7: 432 daAuts
